 Dungeon Crawl Stone Soup version 0.29.1-1-gd02db6906a (webtiles) character file.

Game seed: 10576072525331924387

8638 hawla the Thaumaturge (level 11, -10/91 HPs)
             Began as a Meteoran Venom Mage on Oct 14, 2022.
             Killed from afar by an ice statue (27 damage)
             ... with a bolt of cold
             ... in an ice cave on Oct 15, 2022.
             The game lasted 00:41:22 (5973 turns).

hawla the Thaumaturge (Meteoran Venom Mage)         Turns: 5973, Time: 00:41:23

Health: -10/91     AC:  9    Str: 16    XL:     11   Next: 89%
Magic:  6/28       EV: 13    Int: 25    God:
Gold:   319        SH:  0    Dex: 10    Spells: 15/34 levels left

rFire   + . .      SeeInvis .   v - +10 rapier of a bailey {speed, rElec rF+ Str+3 Dex-2}
rCold   . . .      Faith    .   (no shield)
rNeg    . . .      Spirit   .   a - +2 robe
rPois   .          Reflect  .   n - +2 hat
rElec   +          Harm     .   (no cloak)
rCorr   .          Rampage  .   i - +1 pair of gloves
Will    +....                   j - +0 pair of boots
Stlth   +.........              (no amulet)
HPRegen 0.00/turn               w - ring of flight
MPRegen 0.21/turn               (no ring)

@: flying, inhibited regen, glowing
A: sense surroundings 2, otherworldly, glowing, explore regen, horns 1, clever
1, robust 1, inhibited regeneration, strong 1
a: no special abilities


You were in an ice cave.
You visited 2 branches of the dungeon, and saw 11 of its levels.
You also visited: Bailey and Ice Cave.

You collected 505 gold pieces.
You spent 186 gold pieces at shops.

Inventory:

Hand Weapons
 v - the +10 rapier of a bailey (weapon) {speed, rElec rF+ Str+3 Dex-2}
   (You found it on level 6 of the Dungeon)

   Attacks with this weapon are significantly faster.
   Str:       It affects your strength (+3).
   Dex:       It affects your dexterity (-2).
   rF:        It protects you from fire.
   rElec:     It insulates you from electricity.
Armour
 a - a +2 robe (worn)
 i - a +1 pair of gloves (worn)
 j - a +0 pair of boots (worn)
 n - a +2 hat (worn)
Jewellery
 w - a ring of flight (left hand)
Wands
 d - a wand of quicksilver (3)
 t - a wand of paralysis (11)
Scrolls
 c - a scroll of identify
 l - 3 scrolls of butterflies
Potions
 b - a potion of berserk rage {unknown}
 g - a potion of curing
 h - a potion of cancellation
 r - a potion of haste
 s - a potion of might
Miscellaneous
 e - a phial of floods (inert)


   Skills:
 - Level 3.7 Fighting
 - Level 5.3 Short Blades
 - Level 2.0 Maces & Flails
 - Level 5.3 Dodging
 - Level 1.4 Stealth
 - Level 12.1 Spellcasting
 - Level 1.0 Conjurations
 - Level 7.2 Necromancy
 + Level 2.7 Translocations
 - Level 2.8 Transmutations
 - Level 4.6 Air Magic
 - Level 10.5 Poison Magic
 - Level 1.1 Evocations


You had 15 spell levels left.
You knew the following spells:

 Your Spells              Type           Power      Damage    Failure   Level
a - Manifold Assault      Tloc           28%        N/A       36%         5
b - Poisonous Vapours     Pois/Air       100%       N/A       1%          2
c - Apportation           Tloc           56%        N/A       1%          1
d - Olgreb's Toxic Radia  Pois           61%        N/A       1%          4
e - Vampiric Draining     Necr           51%        2d9       1%          3
f - Iskenderun's Mystic   Conj/Tloc      24%        2d7       19%         4

Your spell library contained the following spells:

 Spells                   Type           Power      Damage    Failure   Level
 Sting                    Tmut/Pois      100%       1d8       1%          1
 Blink                    Tloc           56%        N/A       1%          2
 Mephitic Cloud           Conj/Pois/Air  42%        N/A       1%          3
 Slow                     Hex            60%        N/A       4%          1
 Confusing Touch          Hex            15%        N/A       12%         3
 Fulminant Prism          Conj/Hex       8%         3d7       32%         4
 Lee's Rapid Deconstruct  Erth           7%         3d8*      73%         5
 Storm Form               Tmut/Air       16%        N/A       100%        7


Dungeon Overview and Level Annotations

Branches:
Dungeon (11/15) Zot: 539     Lair (1/5) D:10 Zot: 530  Bailey (visited)
  IceCv (1/1) Zot: 543
 Temple: D:4-7          Orc: D:9-12

Altars:
The Shining One

Shops:
D:4 *!([

Portals:
Trove: D:10 (give +6 demon blade)

Annotations:
D:10 3 runed translucent doors, om's ghost, journeyman MiFi


Innate Abilities, Weirdness & Mutations

You passively map the area around you.
You are easily found by Zot.
You glow in the dark.
You regain HP and MP as you explore.
You have a pair of small horns on your head.
Your mind is acute. (Int +4, Str/Dex -1)
You are robust. (+10% HP)
You do not regenerate when monsters are visible.
Your muscles are strong. (Str +4, Int/Dex -1)


Message History

The ice devil is lightly wounded.
The ice devil hits you. The ice devil freezes you!!
* * * LOW HITPOINT WARNING * * *
Okay, then.
Blink to where?
Press: ? - help, Dir - move target
As you read the scroll of blinking, it crumbles to dust.
As you read the scroll of butterflies, it crumbles to dust.
You hear the tinkle of a tiny bell.
The naga simulacrum barely misses your butterfly.
The naga simulacrum misses your butterfly.
You swap places.
The troll simulacrum bites your butterfly!
Your butterfly dies!
Your butterfly disappears in a burst of colours!
The elephant simulacrum tramples your butterfly!
Your butterfly holds its ground!
Your butterfly dies!
Your butterfly disappears in a burst of colours!
The troll simulacrum completely misses your butterfly.
The troll simulacrum claws your butterfly!
Your butterfly dies!
Your butterfly disappears in a burst of colours!
The naga simulacrum misses you. The naga simulacrum grabs you.
The naga simulacrum constricts you.
* * * LOW HITPOINT WARNING * * *
You hit the naga simulacrum.
The naga simulacrum is heavily damaged.
You escape the naga simulacrum's grasp.
The naga simulacrum barely misses you.
The naga simulacrum completely misses you.
The troll simulacrum closely misses your butterfly.
The troll simulacrum barely misses your butterfly.
The troll simulacrum claws your butterfly.
Your butterfly dies!
Your butterfly disappears in a burst of colours!
Your magical contamination has completely faded away. 2 ice statues come into view.
The ice statue gestures at you. The bolt of cold hits you!!
You die...

#### ##.#.### ####
##......8 #### ##..##
#.......####bb#####....#
#........##...4##.......
#.........bb#...b4ZZ∩.∩§
#.....@..Z###.bbbZ.....
#.......### ##.b##....#
#......## ######..##
#......8* #### ##.....#
##....# *** ##..## , *
... , * , , * *, **


You could see 2 ice statues, an ice devil and a naga simulacrum (ally target).

Vanquished Creatures
  2 vault guards (Bailey)
  A two-headed ogre (D:9)
  A manticore (D:10)
  3 trolls (D:10)
  Prince Ribbit (Bailey)
  Sigmund (D:5)
  A wraith (D:10)
  5 yaks (D:10)
  3 shadows
  4 humans (Bailey)
  A steam dragon (D:8)
  Edmund (D:5)
  An acid dragon (D:9)
  4 wolves (D:10)
  A centaur (D:9)
  8 bullfrogs (Bailey)
  A necrophage (D:5)
  2 gnoll sergeants
  2 two-headed ogre simulacra (IceCv)
  5 wights (D:8)
  7 killer bees (D:10)
  A howler monkey (D:8)
  5 electric eels (D:10)
  An orc priest (D:8)
  2 jellies (D:5)
  4 hounds
  An iguana (D:5)
  4 orc wizards (D:8)
  2 spriggan simulacra (IceCv)
  14 gnolls
  4 adders
  2 naga simulacra (IceCv)
  2 white imps (D:5)
  An ufetubus (IceCv)
  2 worms (D:4)
  2 dart slugs (D:3)
  7 orcs
  8 ball pythons
  9 bats
  13 endoplasms
  2 giant cockroaches
  14 goblins
  6 hobgoblins
  2 jackals (D:3)
  2 quokkas
  5 frilled lizards
  6 kobolds
  3 rats
179 creatures vanquished.

Vanquished Creatures (collateral kills)
  A gargoyle (D:10)
  An acid dragon (D:8)
  An orc warrior (D:8)
  A centaur (D:10)
  2 orcs (D:8)
6 creatures vanquished.

Vanquished Creatures (others)
  6 plants
6 creatures vanquished.

Grand Total: 191 creatures vanquished

Notes
Turn   | Place    | Note
-------+----------+-------------------------------------------
     0 | D:1      | hawla the Meteoran Venom Mage began the quest for the Orb.
     0 | D:1      | Reached XP level 1. HP: 14/14 MP: 5/5
    39 | D:1      | Reached XP level 2. HP: 13/20 MP: 0/6
   180 | D:1      | Learned a level 2 spell: Poisonous Vapours
   263 | D:1      | Reached skill level 3 in Spellcasting
   263 | D:1      | Reached XP level 3. HP: 26/26 MP: 5/8
   352 | D:1      | Found a faded altar of an unknown god.
   362 | D:1      | Got Plato's Spellbook of Wanderlust
   391 | D:1      | Learned a level 1 spell: Apportation
   499 | D:1      | Glimpsed the power of Zot.
   731 | D:2      | Reached XP level 4. HP: 28/33 MP: 1/10
   736 | D:2      | Learned a level 4 spell: Olgreb's Toxic Radiance
   828 | D:2      | Reached skill level 5 in Poison Magic
  1097 | D:2      | Glimpsed the power of Zot.
  1482 | D:3      | Reached XP level 5. HP: 38/38 MP: 7/11
  1690 | D:3      | Glimpsed the power of Zot.
  1762 | D:4      | Reached skill level 1 in Air Magic
  1778 | D:4      | Found a glowing golden altar of the Shining One.
  1871 | D:4      | Reached skill level 4 in Spellcasting
  2170 | D:4      | Found Ontieni's Assorted Antiques.
  2174 | D:4      | Found Ciwoif's Antique Weapon Boutique.
  2174 | D:4      | Found Jeuqep's Distillery.
  2175 | D:4      | Found Ziuteong's Armour Boutique.
  2196 | D:4      | Bought an encrusted tourmaline ring for 150 gold pieces
  2200 | D:4      | Bought a potion of curing for 36 gold pieces
  2233 | D:4      | Reached XP level 6. HP: 42/45 MP: 7/13
  2289 | D:4      | Glimpsed the power of Zot.
  2312 | D:5      | Entered Level 5 of the Dungeon
  2320 | D:5      | Gained mutation: Your natural rate of healing is unusually
                  | fast. [potion of mutation]
  2320 | D:5      | Gained mutation: You sometimes lose your temper in combat.
                  | [potion of mutation]
  2320 | D:5      | Gained mutation: You have a pair of small horns on your
                  | head. [potion of mutation]
  2321 | D:5      | Lost mutation: Your natural rate of healing is unusually
                  | fast. [potion of mutation]
  2321 | D:5      | Lost mutation: You sometimes lose your temper in combat.
                  | [potion of mutation]
  2321 | D:5      | Gained mutation: You do not regenerate when monsters are
                  | visible. [potion of mutation]
  2321 | D:5      | Gained mutation: Your muscles are strong. (Str +4, Int/Dex
                  | -1) [potion of mutation]
  2321 | D:5      | Gained mutation: You are robust. (+10% HP) [potion of
                  | mutation]
  2321 | D:5      | Gained mutation: Your mind is acute. (Int +4, Str/Dex -1)
                  | [potion of mutation]
  2543 | D:5      | Noticed Sigmund
  2556 | D:5      | Killed Sigmund
  2557 | D:5      | Reached skill level 5 in Spellcasting
  2557 | D:5      | Reached skill level 1 in Translocations
  2557 | D:5      | Reached XP level 7. HP: 52/55 MP: 1/15
  2632 | D:5      | Noticed Edmund
  2653 | D:5      | Killed Edmund
  2725 | D:5      | Reached skill level 1 in Maces & Flails
  2789 | D:5      | Reached XP level 8. HP: 55/63 MP: 17/17
  2888 | D:5      | Glimpsed the power of Zot.
  2913 | D:6      | Reached skill level 6 in Spellcasting
  2960 | D:6      | Identified the +10 rapier of a bailey {speed, rElec rF+
                  | Str+3 Dex-2}
  2972 | D:6      | You are sucked into a shaft and drop 2 floors!
  3011 | D:8      | Reached skill level 1 in Fighting
  3175 | D:8      | Reached skill level 7 in Spellcasting
  3201 | D:8      | Noticed a steam dragon
  3210 | D:8      | Killed a steam dragon
  3211 | D:8      | Gained mutation: You passively map the area around you.
                  | [Meteoran growth]
  3211 | D:8      | Reached XP level 9. HP: 46/70 MP: 12/21
  3215 | D:8      | Learned a level 3 spell: Vampiric Draining
  3419 | D:8      | Reached skill level 1 in Short Blades
  3424 | D:8      | Reached skill level 8 in Spellcasting
  4063 | D:9      | Reached skill level 1 in Necromancy
  4189 | D:9      | Found a flagged portal.
  4221 | Bailey   | Entered a bailey
  4413 | Bailey   | Reached XP level 10. HP: 59/80 MP: 14/23
  4419 | Bailey   | Reached skill level 5 in Necromancy
  4437 | Bailey   | Noticed a vault guard
  4437 | Bailey   | Noticed Prince Ribbit
  4449 | Bailey   | Killed Prince Ribbit
  4450 | Bailey   | Reached skill level 9 in Spellcasting
  4458 | Bailey   | Killed a vault guard
  4499 | Bailey   | Noticed a vault guard
  4509 | Bailey   | Killed a vault guard
  4510 | Bailey   | Reached skill level 10 in Spellcasting
  4957 | D:9      | Noticed a two-headed ogre
  4968 | D:9      | Killed a two-headed ogre
  4969 | D:9      | Reached XP level 11. HP: 48/90 MP: 13/26
  5067 | D:9      | Glimpsed the power of Zot.
  5113 | D:10     | Entered Level 10 of the Dungeon
  5128 | D:10     | Noticed a manticore
  5167 | D:10     | Killed a manticore
  5168 | D:10     | Reached skill level 5 in Short Blades
  5168 | D:10     | Reached skill level 11 in Spellcasting
  5168 | D:10     | Reached skill level 10 in Poison Magic
  5357 | D:10     | Reached skill level 5 in Dodging
  5380 | D:10     | Reached skill level 1 in Evocations
  5394 | D:10     | Found a portal to a secret trove of treasure.
  5441 | D:10     | Noticed a skeletal warrior
  5441 | D:10     | Noticed a skeletal warrior
  5533 | D:10     | Found a runed translucent gate.
  5534 | D:10     | Found a runed translucent gate.
  5535 | D:10     | Found a runed translucent gate.
  5535 | D:10     | Noticed an 11-headed hydra
  5535 | D:10     | Noticed om's ghost (journeyman MiFi)
  5587 | D:10     | Reached skill level 12 in Spellcasting
  5613 | D:10     | Learned a level 4 spell: Iskenderun's Mystic Blast
  5681 | D:10     | Glimpsed the power of Zot.
  5731 | D:10     | Glimpsed the power of Zot.
  5734 | D:11     | Noticed a cyclops
  5739 | D:10     | Found a staircase to the Lair.
  5752 | D:10     | Noticed a ten-headed hydra
  5789 | D:10     | Reached skill level 1 in Conjurations
  5845 | Lair:1   | Entered Level 1 of the Lair of Beasts
  5900 | Lair:1   | Found a frozen archway.
  5912 | Lair:1   | Learned a level 5 spell: Manifold Assault
  5915 | IceCv    | Entered an ice cave
  5973 | IceCv    | Noticed an ice statue
  5973 | IceCv    | Noticed an ice statue
  5973 | IceCv    | Killed from afar by an ice statue

Illustrated notes

Levels and vault maps discovered:
D:1:      spicycebolla_arrival_xxxplode, layout_loops_ring,
          shapermc_ecumenical_altar_rom_forum, serial_forest,
          infiniplex_forest_straight_4, infiniplex_forest_clump_large,
          infiniplex_forest_join, infiniplex_forest_zigzag_2,
          infiniplex_forest_corner_1, infiniplex_forest_straight_2,
          infiniplex_forest_lined_3, infiniplex_forest_lined_room_
D:2:      layout_basic, minmay_randomly_rotated_circles, uniq_robin
D:3:      layout_loops_corners, minmay_misc_feat_four_crosses,
          chequers_serial_rivers_large_a
D:4:      layout_cave_pods, mainiacjoe_overflow_boulevard, supply_closet_lemuel,
          nrook_loot_triangle, minmay_shop_grid_forest, grunt_decor_resistance
D:5:      layout_basic, uniq_edmund, uniq_sigmund
D:6:      layout_cave_pods, uniq_pikel, uniq_menkaure
D:8:      layout_layer_cave
D:9:      layout_loops_ring, enter_bailey_3
D:10:     minmay_general_purpose_star, layout_loops_ring, erik_lair_island,
          nicolae_trove_entry_isolated, gammafunk_ghost_hydra_chop,
          nicolae_water_bricks, grunt_ministairs_5, grunt_tough_drop
D:11:     layout_loops_ring, eino_jars
Lair:1:   layout_gridlike, portal_ice_cave_entry_pillars_1, grunt_megastairs_4,
          uniq_fannar, uniq_amaemon
IceCv:    ice_cave_small_demon

Skill      XL: |  1  2  3  4  5  6  7  8  9 10 11 |
---------------+----------------------------------+-----
Poison Magic   | 4 5 6 7 8 9 10 | 10.5
Spellcasting   | 3 4 5 7 8 10 12 | 12.1
Air Magic      | 1 2 3 4 |  4.6
Translocations | 1 2 |  2.7
Dodging        | 3 4 5 |  5.3
Transmutations | 2 |  2.8
Maces & Flails | 1 2 |  2.0
Fighting       | 1 3 |  3.7
Short Blades   | 2 4 5 |  5.3
Necromancy     | 4 6 7 |  7.2
Evocations     | 1 |  1.1
Conjurations   | 1 |  1.0
Stealth        | |  1.4

Action                   |  1- 3 |  4- 6 |  7- 9 | 10-12 || total
-------------------------+-------+-------+-------+-------++-------
Melee: Unarmed           |     7 |       |       |       ||     7
       Whip              |    29 |    66 |    20 |       ||   115
       Punch             |     1 |     1 |     2 |     2 ||     6
       Headbutt          |       |       |    19 |    16 ||    35
       Rapier            |       |       |    57 |    95 ||   152
 Cast: Sting             |    37 |    13 |    15 |       ||    65
       Poisonous Vapours |    15 |    65 |     9 |    26 ||   115
       Apportation       |     1 |    12 |       |     1 ||    14
       Olgreb's Toxic Ra |       |     5 |    23 |    20 ||    48
       Vampiric Draining |       |       |     3 |    27 ||    30
       Iskenderun's Myst |       |       |       |    16 ||    16
Evoke: Wand              |       |       |     5 |     5 ||    10
       Phial of floods   |       |       |       |     1 ||     1
  Use: Scroll            |       |    12 |     2 |    15 ||    29
       Potion            |       |     2 |     3 |     5 ||    10
 Stab: Paralysed         |       |       |     3 |       ||     3
Armor: Robe              |    30 |    45 |    15 |    40 ||   130
Dodge: Dodged            |    32 |    50 |    43 |    86 ||   211
